 Dungeon Crawl Stone Soup version 0.10.2-40-g36e0077 character file.

2124001 crawlingbirds the Invulnerable (level 27, 196/196 HPs)
             Began as a Tengu Fighter on July 28, 2012.
             Was the Champion of The Shining One.
             Escaped with the Orb
             ... and 5 runes on July 29, 2012!
             The game lasted 08:14:00 (135708 turns).

crawlingbirds the Invulnerable (Tengu Fighter)    Turns: 135708, Time: 08:14:01

HP 196/196       AC 42     Str 31      XL: 27
MP  33/33        EV  8     Int 10      God: The Shining One [******]
Gold 657         SH 41     Dex 14      Spells:  2 memorised, 23 levels left

Res.Fire  : + . .   See Invis. : +   C - snozzcumber {Zotcumber}
Res.Cold  : + + .   Warding    : + . w - +6 gold dragon armour {god gift}
Life Prot.: + + +   Conserve   : +   k - +2 shield of Pausao Rutoa {god gift, Spiri Res.Acid. : + . . Res.Corr. : + M - +2 hat of the Bear Spirit {Spirit, +Rage r
Res.Poison: +       Clarity    : .   H - -1 cloak {rCorr, Cons}
Res.Elec. : .       Spirit.Shd : +   j - +4 pair of gloves of Birdsong {god gift, r
Sust.Abil.: . .     Stasis     : .   (boots unavailable)
Res.Mut.  : .       Ctrl.Telep.: x   m - amulet of warding
Res.Rott. : .       Levitation : +   h - +4,+7 ring of slaying
Saprovore : . . .   Ctrl.Flight: +   S - ring of see invisible

@: flying, incredibly resistant to hostile enchantments, extremely unstealthy
A: able to fly continuously, beak, talons 3, berserk 1, -10% mp, Str -1, Int +1
a: Stop Flying, Divine Shield, Cleansing Flame, Summon Divine Warrior, Renounce
Religion, Evoke Berserk Rage
}: 5/15 runes: decaying, serpentine, slimy, silver, abyssal


You escaped.
You worshipped The Shining One.
The Shining One was exalted by your worship.
You were not hungry.

You visited 12 branches of the dungeon, and saw 80 of its levels.
You visited the Abyss 1 time.
You visited 1 Labyrinth.
You visited 2 bazaars.
You visited 3 portal chambers: ossuary, spiders nest, trove.

You collected 8758 gold pieces.
You spent 8121 gold pieces at shops.

Inventory:

Hand weapons
 r - the +1,+6 double sword of Domination {slice, rF+}
   (You found it on level 4 of the Snake Pit)

   It inflicts extra damage upon your enemies.
   It protects you from fire.
 K - a +5,+8 Blessed Blade
Missiles
 W - 7 +4 javelins (quivered)
Armour
 j - the +4 pair of gloves of Birdsong (worn) {god gift, rC+ Str+3}
   (Okawaru gifted it to you on level 11 of the Dungeon)

   It affects your strength (+3).
   It protects you from cold.
 k - the +2 shield of Pausao Rutoa (worn) {god gift, Spirit, MR Acc+4 Dam+5 Stlth++}
   (Okawaru gifted it to you on level 21 of the Dungeon)

   It affects your accuracy (+4).
   It affects your damage-dealing abilities (+5).
   It increases your resistance to enchantments.
   It makes you much more stealthy.
 w - a +6 gold dragon armour (worn) {god gift}
 H - a -1 cloak of preservation (worn)
 M - the +2 hat of the Bear Spirit (worn) {Spirit, +Rage rN+ MR}
   (You found it on level 22 of the Dungeon)

   It protects you from negative energy.
   It increases your resistance to enchantments.
   It lets you go berserk.
   Once owned by Ukta, a powerful ogre shaman, this fur hat houses the spirit of
   an especially mighty bear.
Magical devices
 a - a wand of heal wounds (0)
 o - a wand of digging (1)
 B - a wand of hasting (7)
 F - a wand of heal wounds (6)
Comestibles
 c - 20 honeycombs
 d - 17 bread rations
 g - 5 royal jellies
 C - a snozzcumber (in hand) {Zotcumber}
 I - 2 apples
 L - 7 meat rations
Scrolls
 f - 7 scrolls of teleportation
 p - 7 scrolls of remove curse
 q - 2 scrolls of fog
 t - 5 scrolls of identify
 v - 3 scrolls of blinking
 A - a scroll of fear
 X - 2 scrolls of detect curse
Jewellery
 b - an uncursed amulet of resist mutation
 h - a +4,+7 ring of slaying (right hand)
 m - an amulet of warding (around neck)
 s - the ring of Achun {cTele Str+2 Dex+3}
   (You found it on level 10 of the Dungeon)

   [ring of teleport control]

   It affects your strength (+2).
   It affects your dexterity (+3).
 E - an uncursed ring of sustenance
 S - a ring of see invisible (left hand)
Potions
 i - a potion of magic
 l - 4 potions of curing
 u - 3 potions of restore abilities
 y - 7 potions of agility
 D - 3 potions of resistance
 G - 6 potions of might
 J - a potion of berserk rage
 N - 5 potions of speed
 P - a potion of brilliance
Books
 U - a book of Enchantments

   Spells                             Type                      Level
   Tukima's Dance                     Hexes                        3
   See Invisible                      Charms                       4
   Cause Fear                         Hexes                        4
   Silence                            Hexes/Air                    5
   Deflect Missiles                   Charms/Air                   6
   Haste                              Charms                       6
Magical staves
 z - a +0 rod of destruction [ice] (13/13)
   (You found it on level 6 of the Pits of Slime)
 O - a +4 rod of destruction [lightning,fireball,iron] (13/13)
   (You found it on level 27 of the Dungeon)
 T - a +4 rod of destruction [inacc,magma,cold] (13/13)
   (You found it in a spider's nest)
Orbs of Power
 n - the Orb of Zot
Miscellaneous
 e - a plain deck of changes {the Alchemist}
 R - an ornate deck of war {the Elixir}


   Skills:
 + Level 25,4 Fighting
 - Level 22,9 Long Blades
 - Level 10,4 Maces & Flails
 + Level 8,7 Bows
 - Level 5,1 Throwing
 O Level 27 Armour
 + Level 25,6 Shields
 - Level 10,1 Traps & Doors
 - Level 10,0 Invocations
 - Level 6,1 Evocations


You had 23 spell levels left.
You knew the following spells:

 Your Spells              Type           Power        Failure   Level  Hunger
a - Apportation           Tloc           #.........   100%        1    Choko
b - Freezing Aura         Ice/Chrm       #.........   100%        2    Choko

Dungeon Overview and Level Annotations

Branches:
Dungeon (27/27)            Temple (1/1) D:4             Orc (4/4) D:8
    Elf (5/5) Orc:4          Lair (8/8) D:10          Swamp (5/5) Lair:4
  Slime (6/6) Lair:6        Snake (5/5) Lair:4        Vault (8/8) D:18
  Blade (1/1) Vault:5       Crypt (5/5) Vault:3        Tomb (0/3) Crypt:3
    Zot (5/5) D:27

Altars:
Ashenzari
Cheibriados
Elyvilon
Fedhas
Kikubaaqudgha
Makhleb
Nemelex Xobeh
Okawaru
The Shining One
Trog
Vehumet
Xom
Yredelemnul
Beogh
Jiyva

Shops:
D:5: ( D:6: [=/[ D:10: ?/ D:13: [ D:17: ( D:23: = Orc:4: *[+( Snake:1: = Snake:5: * Vault:1: ? Vault:2: !/(= Vault:3: ( Vault:7: *

Portals:
Hell: D:21 D:22 D:23 D:24 D:25 D:26 D:27
Abyss: D:21 D:23 D:25 D:27
Pan: D:21 D:24 D:25 D:26 D:27
Ziggurat: D:26 (7580 gp)

Annotations
D:17 exclusion: Roxanne, Roxanne
Lair:4 exclusion: oklob plant


Innate Abilities, Weirdness & Mutations

You can fly continuously.
You have a beak for a mouth.
You have claws for feet.
You tend to lose your temper in combat.
Your mind is acute (Int +1).
Your magical capacity is low (-10% MP).
You are weak (Str -1).


Message History

There is an open door here.
Wield which item (- for none, * to show all)? (? for menu, Esc to quit)
Your +5,+8 Blessed Blade stops glowing.
C - a snozzcumber (in hand)
There is a staircase leading out of the dungeon here.
Are you sure you want to win?
Alright, then stay!
Unknown command.
Unknown command.
Unknown command.
(D) Dungeon (T) Temple (O) Orcish Mines (E) Elven Halls (L) Lair (S) Swamp (M) Slime Pits (P) Snake Pit (V) Vaults (B) Hall of Blades (C) Crypt (W) Tomb (U) Hell (Z) Zot
Where to? (* - list waypoints, Enter - D:1, ? - help)
Okay, then.
Unknown command.
Unknown command.
Are you sure you want to win?
You have escaped!

#.............##.# #.# #.
#.............##.######.########.
##.#.............................
#.#..........##.#......########.
#.#..........##.#......# #.
#.#....................# #.
#.#..........##'###'##.########.
#.#..........#...#...#..........
#.#..........#.@.#.>.#..........
##.#######.##.#...#...#..........
...# #.##.#.<.#.>.#.##.#####.
...# #.##.#...#...#.##.# #. ...#
#.##.#.<.#.>.#.##.# #. ...#
#.##.#...#...#.##.# #. )..#
#.##.##+###'##.##.# #. ...#
#.##....##.....##.# #.
...#######.###........####.# #.


There were no monsters in sight!

Vanquished Creatures
  the royal jelly (Slime:6)
  An orb of fire (Zot:5)
  5 ancient liches
  5 pandemonium lords
  Saint Roka (Vault:7)
  Boris (twice) (D:22 Crypt:1)
  the Lernaean hydra (Swamp:5)
  Norris (D:17)
  Mara (Vault:6)
  Margery (D:21)
  Mennas (Crypt:2)
  A Killer Klown (Zot:5)
  7 golden dragons
  Xtahua (D:25)
  2 electric golems (Zot:5)
  Nikola (D:17)
  A Brimstone Fiend (Zot:3)
  8 liches
  2 Pit Fiends
  3 titans (Vault:8)
  A deep elf blademaster (Elf:5)
  18 Orb Guardians (Zot:5)
  A quicksilver dragon (Vault:8)
  20 acid blobs
  A ghost moth (Zot:4)
  A sphinx (Vault:5)
  Kirke (D:17)
  7 shadow dragons
  Rupert (D:18)
  16 storm dragons
  Agnes (D:14)
  Frances (D:21)
  A Shadow Fiend (Elf:5)
  3 draconian monks
  Aizul (D:17)
  A ghoul (Crypt:5)
  8 bone dragons
  6 frost giants
  A draconian knight (Zot:1)
  Donald (Blade)
  The ghost of Bart the Eclecticist, a mighty SpNe of Kikubaaqudgha (D:19)
  Wiglaf (Vault:2)
  Louise (D:16)
  A quicksilver dragon zombie (Crypt:3)
  An iron dragon (Vault:8)
  17 tentacled monstrosities
  56 stone giants
  4 draconian zealots
  Gastronok (D:8)
  11 azure jellies
  8 fire giants
  An angel (Abyss)
  3 draconian annihilators
  An orc warlord (Orc:4)
  6 draconian shifters
  2 Green Deaths
  4 grey draconians
  5 deep elf annihilators (Elf:5)
  3 green draconians
  6 greater nagas (Snake:5)
  2 deep elf sorcerers (Elf:5)
  A red draconian (Zot:4)
  Jozef (Lair:1)
  4 pale draconians
  7 white draconians
  3 mottled draconians
  5 yellow draconians
  Azrael (D:15)
  A black draconian (Zot:4)
  2 purple draconians
  5 dire elephants (Lair:8)
  2 anacondas
  5 deep elf death magi
  3 ettins
  2 deep elf master archers (Elf:5)
  A dire elephant (shapeshifter) (Vault:8)
  2 vampire knights (Crypt:5)
  Snorg (Swamp:1)
  A blizzard demon (Elf:5)
  5 great orbs of eyes
  A siren (Abyss)
  2 reapers
  39 yaktaur captains
  29 vault guards
  A great orb of eyes (shapeshifter) (D:19)
  A siren (shapeshifter) (Vault:8)
  A titan skeleton (Crypt:3)
  8 dragons
  A minotaur (Lab)
  5 ice dragons
  6 death oozes (Slime:6)
  2 storm dragon skeletons
  7 death cobs
  Erica (Orc:2)
  25 dancing weapons
  The ghost of CryptoCactus the Fencer, a powerful MiFi of Okawaru (Port)
  18 hydras
  6 alligators
  7 ogre magi
  8 deep elf demonologists
  A lorocyproca (Abyss)
  A shadow dragon zombie (Vault:4)
  Nessos (Orc:4)
  5 death yaks (Lair:6)
  A fire giant zombie (Abyss)
  The ghost of ryansee the Carver, an experienced MiFi of Okawaru (D:11)
  20 deep trolls
  2 stone giant zombies
  2 deep elf high priests (Elf:5)
  A frost giant zombie (D:22)
  7 orc high priests
  A deep troll (shapeshifter) (Vault:8)
  2 sphinx skeletons
  Nergalle (Swamp:5)
  4 iron golems (Crypt:5)
  15 centaur warriors
  5 stone giant skeletons
  3 frost giant skeletons
  2 fire giant skeletons
  2 emperor scorpions (shapeshifter) (Vault:8)
  A vapour (Swamp:5)
  A shadow wraith (Vault:1)
  6 soul eaters
  7 emperor scorpions (Port)
  14 unseen horrors
  4 iron trolls
  14 deep elf knights
  An elephant slug zombie (Crypt:4)
  20 hell knights
  81 skeletal warriors
  2 sun demons
  14 naga warriors
  A purple draconian zombie (Crypt:4)
  A red draconian zombie (Abyss)
  3 yellow draconian zombies (Crypt:1)
  A sea snake zombie (Crypt:1)
  9 flayed ghosts
  2 mottled draconian zombies
  3 swamp dragons (shapeshifter)
  15 large abominations
  34 orc knights
  3 wizards
  6 ice devils
  The ghost of Wemp the Cleaver, an experienced OpBe of Trog (D:6)
  An alligator snapping turtle skeleton (Abyss)
  2 black draconian zombies
  An ice statue (Swamp:4)
  2 shadow demons
  2 iron troll zombies
  22 giant amoebae
  2 hill giants (shapeshifter) (Vault:8)
  11 swamp dragons
  3 elves (shapeshifter)
  13 hill giants
  A green draconian skeleton (Crypt:4)
  A hellion (Vault:7)
  8 harpies
  A mottled draconian skeleton (Crypt:2)
  3 crystal golems (Crypt:5)
  3 hydra zombies
  Urug (D:11)
  14 necromancers
  5 phantasmal warriors
  A siren zombie (Abyss)
  12 orc sorcerers
  A statue (D:10)
  A cyclops (shapeshifter) (Vault:8)
  3 griffons
  A shining eye (shapeshifter) (Vault:7)
  A trapdoor spider zombie (D:18)
  18 cyclopes
  A shining eye (D:26)
  3 red wasps
  A griffon (shapeshifter) (D:22)
  A red wasp (shapeshifter) (Vault:4)
  5 spiny worms
  2 hydra skeletons
  A moth of wrath (shapeshifter) (D:22)
  3 deep dwarf berserkers (Elf:5)
  Maurice (D:11)
  A griffon zombie (Abyss)
  3 red wasp zombies (Crypt:3)
  16 feature mimics
  22 black mambas
  2 trapdoor spiders
  An ettin zombie (D:22)
  4 sixfirhies
  An elephant slug (Lair:8)
  5 wolf spiders
  2 dragon zombies
  13 moths of wrath
  9 elephants
  A trapdoor spider (shapeshifter) (D:17)
  3 tormentors
  A slime creature (shapeshifter) (Vault:8)
  A fire crab (Vault:4)
  A guardian serpent skeleton (Crypt:5)
  2 spiny worm zombies (D:20)
  2 black mamba zombies
  127 slime creatures
  14 naga magi
  A dragon skeleton (Crypt:5)
  20 hellwings
  8 orange demons
  20 rock trolls
  15 spiny frogs
  2 ettin skeletons
  2 griffon skeletons
  2 spriggan zombies
  A guardian mummy (Zot:4)
  Psyche (Elf:1)
  A rock troll (shapeshifter) (D:27)
  A giant firefly zombie (Crypt:1)
  21 smoke demons
  82 yaktaurs
  2 efreeti (Abyss)
  4 komodo dragons
  11 elf zombies
  A troll (shapeshifter) (Vault:5)
  A spriggan (Vault:3)
  3 hill giant skeletons
  17 trolls
  3 raven zombies
  Grinder (D:5)
  10 redbacks
  3 queen bees
  Sonja (Snake:2)
  An agate snail zombie (D:18)
  2 iron devils
  Prince Ribbit (D:9)
  A deep dwarf artificer (Abyss)
  A spriggan (shapeshifter) (Elf:5)
  2 silent spectres
  97 ugly things
  A deep troll zombie (D:18)
  4 bog mummies
  A human (shapeshifter) (Vault:8)
  A baby alligator zombie (Crypt:3)
  A brown ooze (shapeshifter) (D:14)
  12 two-headed ogres
  A deep troll skeleton (Vault:5)
  5 basilisks
  A human skeleton (Crypt:5)
  3 rock troll skeletons
  2 elephant zombies
  19 blink frogs
  7 blue devils
  A rotting hulk (Crypt:4)
  17 brown oozes
  2 snapping turtle skeletons
  3 hairy devils
  14 deep elf conjurers
  6 vampires
  A spectral orc (Swamp:5)
  4 fire elementals (D:15)
  5 sharks (Elf:4)
  A lindwurm zombie (Abyss)
  14 wraiths
  11 ynoxinuls
  An elephant skeleton (Crypt:5)
  41 yaks
  A merfolk skeleton (D:23)
  3 hog zombies
  14 hippogriffs
  5 chaos spawn
  A blink frog skeleton (Crypt:2)
  A fire crab zombie (Crypt:5)
  4 fire drakes
  A swamp dragon skeleton (Abyss)
  Grum (D:13)
  37 vampire mosquitoes
  A hippogriff (shapeshifter) (D:27)
  A clay golem (Abyss)
  A hog (D:17)
  A wood golem (D:22)
  6 hungry ghosts
  3 wyverns
  10 deep elf summoners
  5 neqoxecs
  A hell hound zombie (D:27)
  4 yaktaur zombies
  4 soldier ants
  A manticore (D:23)
  A merfolk (shapeshifter) (Vault:7)
  2 rock worms
  26 deep elf fighters
  2 mottled dragons
  A draconian (shapeshifter) (Vault:5)
  A giant slug zombie (Crypt:2)
  45 swamp worms
  33 hell hounds
  A manticore zombie (Crypt:4)
  12 war dogs
  27 insubstantial wisps
  2 draconian zombies
  2 sky beasts
  2 yaktaur skeletons
  33 necrophages
  4 ice beasts
  2 jumping spiders (Port)
  5 deep dwarves (Abyss)
  10 deep elf priests
  A jumping spider zombie (Crypt:3)
  12 small abominations
  11 freezing wraiths
  2 phantoms
  2 troll zombies
  40 ogres
  4 cyclops skeletons
  2 manticore skeletons
  A redback simulacrum (D:19)
  89 orc warriors
  A deep dwarf (shapeshifter) (D:22)
  A merfolk simulacrum (Abyss)
  2 bumblebee zombies (Crypt:1)
  27 centaurs
  12 swamp drakes
  A troll skeleton (D:16)
  A yak zombie (D:20)
  84 nagas
  4 giant goldfish
  2 boring beetles
  A crocodile (shapeshifter) (Vault:7)
  21 crocodiles
  4 red devils
  2 boulder beetle zombies
  A grizzly bear skeleton (Crypt:4)
  13 lava worms
  2 brain worms
  3 rotting devils
  2 war dog zombies (Crypt:3)
  11 wargs
  A basilisk zombie (Crypt:1)
  23 deep elf magi
  A boring beetle zombie (D:18)
  19 giant frogs
  37 water moccasins
  7 giant slugs
  4 big kobolds
  3 giant leeches
  A silver statue (D:15)
  9 tarantellas (Port)
  3 tarantella zombies
  A water moccasin zombie (Crypt:3)
  A soldier ant zombie (Crypt:3)
  Blork the orc (D:5)
  10 agate snails
  A warg zombie (Orc:2)
  A water moccasin skeleton (Crypt:2)
  9 boulder beetles
  A basilisk skeleton (D:11)
  16 jellyfish
  A warg skeleton (Crypt:5)
  35 wights
  12 eyes of draining
  125 killer bees
  A killer bee zombie (D:24)
  10 lava fish (Lair:6)
  A pulsating lump (Slime:6)
  5 ogre zombies (D:8)
  6 electric eels
  2 big kobold zombies
  A boring beetle simulacrum (Vault:1)
  15 crimson imps
  A demigod zombie (Crypt:5)
  A tengu zombie (Crypt:4)
  2 quasits
  5 goliath beetles
  2 deep dwarf skeletons
  A shadow (D:10)
  A spider zombie (Crypt:1)
  16 big fish
  2 brain worm zombies
  A crocodile skeleton (Crypt:3)
  3 human zombies
  A hound zombie (D:8)
  2 mottled dragon skeletons
  A gnoll shaman (D:22)
  11 hounds
  A lava snake (D:22)
  20 scorpions
  38 orc priests
  A big kobold skeleton (D:12)
  44 orc wizards
  A hound skeleton (D:8)
  9 iguanas
  12 iron imps
  A worker ant zombie (Crypt:3)
  36 deep elf soldiers
  6 orange rats
  10 worker ants
  An orange rat skeleton (Crypt:1)
  7 porcupines
  Jessica (D:3)
  5 sheep
  3 worm zombies
  25 jellies
  3 boggarts (D:20)
  A goliath beetle zombie (Crypt:3)
  12 mummies (Port)
  36 flying skulls
  14 gnolls
  A gnoll (shapeshifter) (Vault:8)
  46 adders
  43 green rats
  7 lemures
  15 midges
  2 adder zombies
  A giant centipede zombie (D:15)
  3 iguana zombies
  4 shadow imps
  13 white imps
  2 adder skeletons
  19 giant centipedes
  3 iguana skeletons
  A sheep skeleton (Crypt:4)
  A giant mite (Vault:2)
  8 worms
  79 ufetubi
  10 giant eyeballs
  5 grey rats
  A bat skeleton (D:23)
  2 bat zombies
  A giant mite zombie (Crypt:1)
  4 gnoll zombies
  11 giant geckos
  A gnoll skeleton (Port)
  10 oozes
  242 orcs
  3 ball pythons
  55 bats
  7 giant cockroaches
  28 goblins
  25 hobgoblins
  29 jackals
  28 kobolds
  17 quokkas
  An ant larva zombie (Crypt:3)
  2 ball python zombies (Crypt:5)
  A giant gecko zombie (Crypt:3)
  11 giant newts
  A giant newt zombie (Crypt:3)
  2 giant spores
  4 goblin skeletons
  A goblin zombie (D:8)
  4 hobgoblin skeletons
  3 hobgoblin zombies
  A jackal zombie (Crypt:3)
  A kobold skeleton (Port)
  6 orc skeletons
  29 orc zombies
  A quokka zombie (D:27)
  41 rats
  11 rat skeletons (Port)
  5 ballistomycetes
  A butterfly (Vault:1)
  3 crawling corpses (Elf:3)
  A fungus (Swamp:5)
  5 plants
  54 toadstools
4007 creatures vanquished.

Vanquished Creatures (collateral kills)
  An orb of fire (Zot:5)
  A deep elf blademaster (Elf:5)
  A death yak (Lair:6)
  An ice devil (Elf:5)
  A black mamba (Lair:5)
  A komodo dragon (Lair:6)
  A lava worm (Lair:6)
  A giant slug (Lair:5)
  An agate snail (Lair:6)
  2 deep elf soldiers (Elf:5)
  A giant centipede (Lair:5)
  An adder (Lair:5)
  2 jackals (Lair:5)
  A quokka (Lair:5)
16 creatures vanquished.

Vanquished Creatures (others)
  An angel (Zot:5)
  3 hydras (Lair:6)
  4 death yaks (Lair:6)
  2 yaktaurs (D:24)
  A slime creature (D:15)
  2 ugly things
  2 spiny frogs (Lair:6)
  3 komodo dragons (Lair:6)
  A mottled draconian simulacrum (Zot:5)
  4 blink frogs (Lair:6)
  A deep elf fighter (Elf:2)
  2 small abominations
  A soldier ant (D:17)
  3 war dogs (Lair:6)
  A necrophage (Zot:5)
  A sky beast (shapeshifter) (Vault:8)
  3 ogres (D:20)
  2 crocodiles (Lair:6)
  A giant frog (Lair:6)
  2 water moccasins
  A two-headed ogre skeleton (D:15)
  An orc warrior (Orc:4)
  2 wights
  2 hounds (Lair:6)
  4 porcupines (Lair:6)
  A worker ant (D:5)
  A deep elf soldier (Elf:2)
  A boggart (D:20)
  A mummy (Zot:5)
  4 adders
  8 green rats (Lair:6)
  6 humans (D:17)
  An iguana skeleton (D:13)
  2 ufetubi
  4 orcs
  3 hobgoblins
  5 kobolds
  A giant spore (D:10)
  A hobgoblin zombie (D:8)
  2 quokkas
  4 rats
  A ballistomycete (D:10)
  A bush (Lair:6)
  4 crawling corpses (Elf:3)
  26 fungi
  10 plants
  418 toadstools
555 creatures vanquished.

Grand Total: 4578 creatures vanquished

Notes
Turn   | Place    | Note
--------------------------------------------------------------
     0 | D:1      | crawlingbirds, the Tengu Fighter, began the quest for the Orb.
     0 | D:1      | Reached XP level 1. HP: 14/14 MP: 0/0
   179 | D:1      | Reached XP level 2. HP: 19/19 MP: 2/2
   921 | D:2      | Reached XP level 3. HP: 11/24 MP: 3/3
  1509 | D:2      | Noticed a bat zombie
  1512 | D:2      | Killed a bat zombie
  1516 | D:2      | Found an ancient bone altar of Kikubaaqudgha.
  1904 | D:2      | Reached skill level 4 in Armour
  1950 | D:2      | Reached XP level 4. HP: 9/28 MP: 4/4
  2138 | D:3      | Noticed Jessica
  2148 | D:3      | Killed Jessica
  2363 | D:3      | Reached XP level 5. HP: 15/33 MP: 6/6
  3888 | D:4      | Found a staircase to the Ecumenical Temple.
  3901 | Temple   | Entered the Ecumenical Temple
  3936 | Temple   | Became a worshipper of Warmaster Okawaru
  4141 | D:4      | Reached XP level 6. HP: 31/39 MP: 7/7
  4418 | D:4      | Found a sand-covered staircase. 4440
                  | ossuary
                  | Entered a tomb 4522
                  | ossuary
                  | Reached skill level 5 in Armour 4568
                  | ossuary
                  | Acquired Okawaru's first power 5065
                  | ossuary
                  | Reached skill level 5 in Shields 5065
                  | ossuary
                  | Reached XP level 7. HP: 44/44 MP: 8/8
  5404 | D:4      | Gained mutation: Your mind is acute (Int +1).
  5412 | D:4      | Reached skill level 5 in Fighting
  5489 | D:5      | Entered Level 5 of the Dungeon
  5657 | D:5      | Found a bloodstained altar of Trog.
  5698 | D:5      | Found Buulat's Antique Weapon Shop.
  5756 | D:5      | Reached skill level 5 in Maces & Flails
  5786 | D:5      | Reached skill level 6 in Armour
  5902 | D:5      | Noticed Blork the orc
  5912 | D:5      | Killed Blork the orc
  5962 | D:5      | Noticed Grinder
  5970 | D:5      | Killed Grinder
  5970 | D:5      | Reached XP level 8. HP: 49/49 MP: 10/10
  6287 | D:6      | Found Smorunno's Armour Emporium.
  6291 | D:6      | Found a burning altar of Makhleb.
  6295 | D:6      | Bought a +0 cloak of magic resistance for 78 gold pieces
  6414 | D:6      | Found Pnyol's Jewellery Emporium.
  6442 | D:6      | Bought a cursed ring of hunger for 26 gold pieces
  6442 | D:6      | Bought a cursed -5 ring of evasion for 26 gold pieces
  6442 | D:6      | Bought a cursed -3 ring of intelligence for 26 gold pieces
  6449 | D:6      | Found Criamn's Magical Wand Emporium.
  6646 | D:6      | Noticed a slime creature
  6676 | D:6      | Killed a slime creature
  7029 | D:6      | Noticed Wemp's ghost (experienced OpBe)
  7043 | D:6      | Killed Wemp's ghost
  7043 | D:6      | Reached skill level 1 in Bows
  7043 | D:6      | Reached skill level 7 in Armour
  7043 | D:6      | Reached XP level 9. HP: 28/55 MP: 11/11
  7166 | D:6      | Found Bluafuc's Antique Armour Emporium.
  7977 | D:7      | You fall through a shaft!
  7992 | D:8      | Noticed an ogre zombie
  8002 | D:8      | Killed an ogre zombie
  8016 | D:8      | Noticed an ogre zombie
  8047 | D:8      | Noticed an ogre zombie
  8069 | D:8      | Killed an ogre zombie
  8072 | D:8      | Noticed a troll zombie
  8105 | D:8      | Killed an ogre zombie
  8118 | D:8      | Killed a troll zombie
  8154 | D:8      | Found a staircase to the Orcish Mines.
  8187 | D:8      | Noticed an ogre zombie
  8342 | D:8      | Noticed an ogre zombie
  8349 | D:8      | Killed an ogre zombie
  8349 | D:8      | Reached skill level 8 in Armour
  8373 | D:8      | Killed an ogre zombie
  8418 | D:8      | Reached XP level 10. HP: 43/60 MP: 12/12
  8633 | D:8      | Got an encrusted leather armour
  8634 | D:8      | Identified the cursed -5 leather armour of Acokliph (You found it on level 8 of the Dungeon)
  8647 | D:8      | Paralysed by a giant eyeball for 3 turns
  9073 | D:8      | Noticed Gastronok
  9092 | D:8      | Killed Gastronok
  9092 | D:8      | Reached skill level 5 in Bows
  9283 | D:9      | Found a white marble altar of Elyvilon.
  9751 | D:9      | Paralysed by a giant eyeball for 2 turns
  9843 | D:9      | Reached skill level 9 in Armour
  9866 | D:9      | Noticed Prince Ribbit
  9883 | D:9      | Killed Prince Ribbit
 10121 | D:9      | Acquired Okawaru's second power
 10304 | D:10     | Entered Level 10 of the Dungeon
 10306 | D:10     | Identified a scroll of acquirement
 10314 | D:10     | Paralysed by a potion of paralysis for 4 turns
 10395 | D:10     | Found Luoceplo's Magical Wand Emporium.
 10434 | D:10     | Noticed an agate snail
 10437 | D:10     | Reached XP level 11. HP: 55/67 MP: 14/14
 10461 | D:10     | Noticed an agate snail
 10476 | D:10     | Killed an agate snail
 10537 | D:10     | Killed an agate snail
 10550 | D:10     | Found a staircase to the Lair.
 11013 | D:10     | Got a warped lapis lazuli ring
 11046 | D:10     | Identified the ring of Achun (You found it on level 10 of the Dungeon)
 11131 | D:10     | Reached skill level 10 in Armour
 11691 | D:10     | Found Muehopir's Magic Scroll Shoppe.
 11698 | D:10     | Bought a scroll of recharging for 60 gold pieces
 11698 | D:10     | Bought a scroll of enchant weapon I for 60 gold pieces
 11698 | D:10     | Bought a scroll of teleportation for 33 gold pieces
 11698 | D:10     | Bought a scroll of immolation for 11 gold pieces
 11874 | Lair:1   | Entered Level 1 of the Lair of Beasts
 11874 | Lair:1   | Noticed Jozef
 11896 | Lair:1   | Received a gift from Okawaru
 11943 | Lair:1   | Killed Jozef
 11943 | Lair:1   | Reached skill level 10 in Maces & Flails
 12217 | Lair:1   | Found a labyrinth entrance.
 12237 | Lab      | Entered a Labyrinth
 12579 | Lab      | Got a conspicuous book
 12580 | Lab      | Got a runed demon blade
 12588 | Lab      | Got a bloodstained buckler
 12588 | Lab      | Got a fine splint mail
 12588 | Lab      | Got a jewelled splint mail
 12597 | Lab      | Identified the +1 buckler of the Moon (You found it in a Labyrinth)
 12617 | Lab      | Identified the cursed +0 splint mail of Amelioration (You found it in a Labyrinth)
 12637 | Lab      | Identified the +10 splint mail "Atide" (You found it in a Labyrinth)
 12730 | Lair:1   | Reached skill level 1 in Long Blades
 12879 | Lair:2   | Identified the cursed demon blade "Leech" {vamp, rN+ EV-1 Str-1 Dex-1 Int-1 Curse} (You found it in a Labyrinth)
 12949 | Lair:2   | Reached skill level 10 in Shields
 12977 | Lair:2   | Reached XP level 12. HP: 74/74 MP: 15/15
 13026 | Lair:2   | Reached skill level 10 in Fighting
 13028 | Lair:2   | Reached skill level 5 in Long Blades
 13038 | Lair:2   | Received a gift from Okawaru
 13102 | Lair:2   | Reached skill level 11 in Armour
 13570 | Lair:2   | Identified Qecsill's Guide on Enhancements (You found it in a Labyrinth)
 14476 | Lair:3   | Reached skill level 1 in Traps & Doors
 14836 | Lair:4   | Found a crumbling entrance.
 14854 | Spider   | Entered a spider's nest
 14854 | Spider   | Noticed CryptoCactus' ghost (powerful MiFi)
 14879 | Spider   | Killed CryptoCactus' ghost
 14950 | Spider   | Reached skill level 1 in Invocations
 15083 | Spider   | Reached skill level 10 in Long Blades
 15147 | Spider   | Reached XP level 13. HP: 80/80 MP: 20/20
 15190 | Spider   | Received a gift from Okawaru
 15208 | Spider   | Reached skill level 12 in Armour
 15342 | Spider   | Got a pitted great sword
 15365 | Lair:4   | Identified the cursed -1,-1 great sword "Acwuriy" (You found it in a spider's nest)
 15448 | Lair:4   | Found a staircase to the Snake Pit.
 16167 | Lair:4   | Found a staircase to the Swamp.
 16906 | Lair:5   | Reached skill level 5 in Invocations
 17416 | Lair:6   | Found a staircase to the Slime Pits.
 17416 | Lair:6   | Found a viscous altar of Jiyva.
 17449 | Lair:6   | Reached skill level 5 in Traps & Doors
 17704 | Lair:6   | Got a warped long sword
 17952 | Lair:6   | Got a pair of ichor-stained gloves
 17956 | Lair:6   | Identified the -5 pair of gloves of Thung (You acquired it on level 6 of the Lair of Beasts)
 17974 | Lair:6   | Identified the +6,+7 long sword of Honour (You found it on level 6 of the Lair of Beasts)
 18159 | Lair:6   | Received a gift from Okawaru
 18360 | Lair:6   | Got a fine robe {god gift}
 18560 | Lair:6   | Reached XP level 14. HP: 88/88 MP: 20/25
 19098 | Lair:7   | Reached skill level 13 in Armour
 19635 | Lair:8   | Entered Level 8 of the Lair of Beasts
 19902 | Lair:2   | Identified a +4 rod of destruction [inacc,magma,cold] (13/13) (You found it in a spider's nest)
 22039 | Lair:8   | Got a crude cloak
 22547 | Lair:2   | Identified the -7 cloak of Pride (You found it on level 8 of the Lair of Beasts)
 22667 | D:11     | Noticed ryansee's ghost (experienced MiFi)
 22674 | D:11     | Received a gift from Okawaru
 22693 | D:11     | Killed ryansee's ghost
 22696 | D:11     | Got a pair of heavily runed gloves {god gift}
 22700 | D:11     | Identified the +4 pair of gloves of Birdsong {god gift} (Okawaru gifted it to you on level 11 of the Dungeon)
 22802 | D:11     | Noticed Maurice
 22816 | D:11     | Killed Maurice
 22929 | D:11     | Noticed Urug
 22950 | D:11     | Killed Urug
 23491 | D:12     | Got a bloodstained chain mail
 23509 | D:12     | Identified the +0 chain mail of Cruzu (You found it on level 12 of the Dungeon)
 23849 | D:12     | Reached XP level 15. HP: 82/95 MP: 26/26
 24709 | D:13     | Noticed Grum
 24724 | D:13     | Killed Grum
 24837 | D:13     | Found Oluhacze's Armour Boutique.
 25207 | D:14     | Entered Level 14 of the Dungeon
 25405 | D:14     | Reached skill level 14 in Armour
 25453 | D:14     | Noticed Agnes
 25469 | D:14     | Killed Agnes
 26631 | D:15     | Entered Level 15 of the Dungeon
 26631 | D:15     | Found a staircase to the Vaults.
 26637 | D:15     | Received a gift from Okawaru
 26713 | D:15     | the staircase to the Vaults was a mimic.
 26797 | D:15     | Noticed a fire elemental
 26797 | D:15     | Noticed a fire elemental
 26811 | D:15     | Killed a fire elemental
 26818 | D:15     | Killed a fire elemental
 27057 | D:15     | Noticed Azrael
 27057 | D:15     | Noticed a fire elemental
 27262 | D:15     | Gained mutation: Armour fits poorly on your strangely shaped body.
 27262 | D:15     | Gained mutation: You are resistant to electric shocks.
 27279 | D:15     | Killed Azrael
 27375 | D:15     | Noticed a fire elemental
 27378 | D:15     | Killed a fire elemental
 27381 | D:15     | Killed a fire elemental
 27490 | D:15     | Reached skill level 1 in Throwing
 27538 | D:15     | Paralysed by a chaos spawn for 4 turns
 28165 | D:16     | Noticed Louise
 28189 | D:16     | Killed Louise
 28340 | D:16     | Found a flickering gateway to a bazaar. 28351
                  | bazaar
                  | Entered a bazaar 28361
                  | bazaar
                  | Found Tyamo's Book Boutique. 28387
                  | bazaar
                  | Found Skaegh's Book Boutique. 28445
                  | bazaar
                  | Found Wumept's Armour Boutique. 28450
                  | bazaar
                  | Bought a +1 large shield of protection for 537 gold pieces
 29656 | Orc:1    | Entered Level 1 of the Orcish Mines
 29762 | Orc:2    | Received a gift from Okawaru
 29808 | Orc:2    | Noticed Erica
 29822 | Orc:2    | Killed Erica
 29822 | Orc:2    | Received a gift from Okawaru
 29924 | Orc:2    | Found a roughly hewn altar of Beogh.
 29925 | Orc:2    | Received a gift from Okawaru
 29926 | Orc:2    | Noticed an orc high priest
 30032 | Orc:2    | Killed an orc high priest
 30032 | Orc:2    | Reached XP level 16. HP: 57/102 MP: 27/27
 30758 | Orc:3    | Found a radiant altar of Vehumet.
 30789 | Orc:4    | Entered Level 4 of the Orcish Mines
 30816 | Orc:4    | Found a staircase to the Elven Halls.
 30995 | Orc:4    | Paralysed by an orc sorcerer for 2 turns
 31188 | Orc:4    | Paralysed by an orc sorcerer for 6 turns
 31215 | Orc:4    | Noticed Nessos
 31226 | Orc:4    | Killed Nessos
 31596 | Orc:4    | Noticed an orc high priest
 31596 | Orc:4    | Noticed an orc high priest
 31701 | Orc:4    | Received a gift from Okawaru
 31702 | Orc:4    | Got a brightly glowing ring mail {god gift}
 31750 | Orc:4    | Killed an orc high priest
 31818 | Orc:4    | Killed an orc high priest
 31990 | Orc:4    | Noticed an orc high priest
 31992 | Orc:4    | Noticed an orc warlord
 32003 | Orc:4    | Killed an orc high priest
 32009 | Orc:4    | Killed an orc warlord
 32036 | Orc:4    | Noticed an orc high priest
 32065 | Orc:4    | Killed an orc high priest
 32176 | Orc:4    | Found Ivaleulap's General Store.
 32188 | Orc:4    | Found Plan's Antique Armour Boutique.
 32189 | Orc:4    | Found Tunui's Antique Weapon Shop.
 32191 | Orc:4    | Found Zoviem's Book Boutique.
 32215 | Orc:4    | Bought a scroll of identify for 26 gold pieces
 32215 | Orc:4    | Bought a scroll of teleportation for 39 gold pieces
 32215 | Orc:4    | Bought a scroll of teleportation for 39 gold pieces
 32215 | Orc:4    | Bought a potion of curing for 26 gold pieces
 32215 | Orc:4    | Bought a scroll of recharging for 71 gold pieces
 32555 | Lair:2   | Identified the -1 ring mail of the Eternal Fruit {god gift} (Okawaru gifted it to you on level 4 of the Orcish Mines)
 32698 | D:6      | Bought a wand of heal wounds (5) for 648 gold pieces
 32977 | D:17     | Noticed Kirke
 32987 | D:17     | Reached skill level 10 in Traps & Doors
 32997 | D:17     | Killed Kirke
 32997 | D:17     | Reached skill level 15 in Armour
 33219 | D:17     | Reached skill level 5 in Throwing
 33518 | D:17     | Noticed Norris
 33556 | D:17     | Killed Norris
 33629 | D:17     | Noticed Aizul
 33657 | D:17     | Killed Aizul
 33844 | D:17     | Found Mnem's Weapon Shop.
 33916 | D:17     | Noticed Roxanne
 34138 | D:18     | Received a gift from Okawaru
 34148 | D:18     | Got a twisted spiked flail {god gift}
 34219 | D:18     | Got an encrusted splint mail
 34388 | D:18     | Reached XP level 17. HP: 108/108 MP: 28/28
 34408 | D:18     | Found a portal to a secret trove of treasure.
 34801 | D:18     | Got a crude buckler
 34812 | D:18     | Identified the +3 buckler "Zuiz" (You found it on level 18 of the Dungeon)
 34863 | D:18     | Noticed Rupert
 34863 | D:18     | Paralysed by Rupert for 3 turns
 34879 | D:18     | Killed Rupert
 34933 | D:18     | Found a staircase to the Vaults.
 35154 | Vault:1  | Entered Level 1 of the Vaults
 35231 | Vault:1  | Received a gift from Okawaru
 35232 | Vault:1  | Got a steaming morningstar {god gift}
 35322 | D:17     | Noticed Nikola
 35352 | D:17     | Killed Nikola
 35354 | D:17     | Got a pair of shimmering gloves
 35358 | D:17     | Identified the +2 pair of gloves of Kuamnucw (You took it off Nikola on level 17 of the Dungeon)
 35645 | Lair:2   | Identified the spiked flail of Punishment {god gift, speed, -TELE +Lev rF+ rN+} (Okawaru gifted it to you on level 18 of the Dungeon)
 35646 | Lair:2   | Identified the morningstar of Infinite Pain {god gift, holy, MUT +Rage +Inv MR Str+2 Int+4} (Okawaru gifted it to you on level 1 of the Vaults)
 35674 | Lair:2   | Identified the cursed -4 splint mail of Muzoiwn (You found it on level 18 of the Dungeon)
 36373 | D:6      | Bought an uncursed amulet of warding for 195 gold pieces
 36373 | D:6      | Bought an uncursed ring of protection from fire for 325 gold pieces
 37407 | Vault:1  | Found a white marble altar of Elyvilon.
 37411 | Vault:1  | Lost mutation: Armour fits poorly on your strangely shaped body.
 37574 | Vault:1  | Reached skill level 16 in Armour
 38300 | Vault:1  | Found Baexta's Magic Scroll Boutique.
 38404 | Vault:1  | Received a gift from Okawaru
 38405 | Vault:1  | Got an iridescent bow {god gift}
 38406 | Vault:1  | Identified the +2,+5 bow of Vanity {god gift} (Okawaru gifted it to you on level 1 of the Vaults)
 38529 | Vault:1  | Reached skill level 15 in Long Blades
 38541 | Vault:1  | Reached skill level 15 in Fighting
 38641 | Vault:1  | Reached skill level 15 in Shields
 38812 | Vault:2  | Found Ezykek's Antique Weapon Shop.
 38812 | Vault:2  | Noticed Wiglaf
 38867 | Vault:2  | Killed Wiglaf
 39307 | Vault:2  | Found Klam's Distillery.
 39344 | Vault:2  | Bought a potion of resistance for 133 gold pieces
 39344 | Vault:2  | Bought a potion of porridge for 19 gold pieces
 39512 | Vault:2  | Found Qiyrgh's Jewellery Shoppe.
 40006 | Vault:2  | Found Jyfufran's Magical Wand Shoppe.
 40038 | Vault:2  | Reached XP level 18. HP: 116/116 MP: 28/28
 40493 | Vault:3  | Found a staircase to the Crypt.
 40495 | Vault:3  | Found Van Amun's Weapon Shoppe.
 40562 | Vault:3  | Received a gift from Okawaru
 40973 | Vault:4  | Noticed a deep elf mage
 40975 | Vault:4  | Received a gift from Okawaru
 40985 | Vault:4  | Killed a deep elf mage
 41686 | Vault:4  | Received a gift from Okawaru
 41758 | Vault:5  | Found a staircase to the Hall of Blades.
 42825 | Vault:5  | Noticed a deep elf mage
 42829 | Vault:5  | Noticed a deep elf conjurer
 42852 | Vault:5  | Killed a deep elf conjurer
 42853 | Vault:5  | Killed a deep elf mage
 43266 | Vault:5  | Got a pair of ichor-stained gloves
 43267 | Vault:5  | Identified the +0 pair of gloves "Syuhour" (You acquired it on level 5 of the Vaults)
 43804 | Vault:6  | Reached skill level 17 in Armour
 43941 | Vault:6  | Noticed Mara
 43951 | Vault:6  | Noticed crawlingbirds' illusion
 43959 | Vault:6  | Killed Mara
 44309 | Vault:6  | Got a dazzling hand axe
 44772 | Vault:6  | Reached XP level 19. HP: 119/124 MP: 29/29
 45042 | Vault:7  | Noticed a deep elf priest
 45042 | Vault:7  | Noticed a deep elf summoner
 45047 | Vault:7  | Killed a deep elf summoner
 45051 | Vault:7  | Killed a deep elf priest
 45363 | Vault:7  | Received a gift from Okawaru
 45669 | Vault:1  | Bought a scroll of enchant armour for 99 gold pieces
 45928 | Vault:7  | Found Soorez's General Store.
 46140 | Vault:7  | Noticed Saint Roka
 46181 | Vault:7  | Killed Saint Roka
 46386 | Vault:7  | Noticed a guardian serpent
 46386 | Vault:7  | an elephant changed into a guardian serpent
 46388 | Vault:7  | a guardian serpent changed into a merfolk
 47019 | Lair:2   | Identified the +4,+3 hand axe of the Nine Deaths (You found it on level 6 of the Vaults)
 47105 | Snake:1  | Entered Level 1 of the Snake Pit
 47828 | Snake:1  | Found Qiugis' Jewellery Shoppe.
 48587 | Snake:2  | Noticed Sonja
 48598 | Snake:2  | Killed Sonja
 49139 | Snake:3  | Reached skill level 18 in Armour
 49172 | Snake:3  | Found a basalt altar of Yredelemnul.
 50003 | Snake:4  | Got a torn book
 50010 | Snake:4  | Identified A Beginning Course on Wizardry (You found it on level 4 of the Snake Pit)
 50640 | Snake:4  | Received a gift from Okawaru
 50650 | Snake:4  | Got a pitted battleaxe {god gift}
 50651 | Snake:4  | Identified the +4,+0 battleaxe of Intoh {god gift} (Okawaru gifted it to you on level 4 of the Snake Pit)
 50680 | Snake:4  | Got a brightly glowing double sword
 50685 | Snake:4  | Identified the +1,+6 double sword of Domination (You found it on level 4 of the Snake Pit)
 50786 | Snake:5  | Entered Level 5 of the Snake Pit
 51105 | Snake:5  | Found Cesonn's Assorted Antiques.
 51114 | Snake:5  | Bought a potion of might for 87 gold pieces
 52465 | Snake:5  | Reached XP level 20. HP: 132/132 MP: 30/30
 52794 | Snake:5  | Got a serpentine rune of Zot
 53439 | Blade    | Entered the Hall of Blades
 53955 | Blade    | Noticed Donald
 53974 | Blade    | Killed Donald
 54317 | D:19     | Noticed Bart's ghost (mighty SpNe)
 54336 | D:19     | Killed Bart's ghost
 54548 | D:19     | Received a gift from Okawaru
 54978 | D:20     | Entered Level 20 of the Dungeon
 55284 | D:20     | Found a flickering gateway to a bazaar. 55303
                  | bazaar
                  | Entered a bazaar 55303
                  | bazaar
                  | Found Ugiuz's Magical Wand Boutique. 55303
                  | bazaar
                  | Found Orrutam's Food Shop. 55303
                  | bazaar
                  | Found Ulaso's Antique Armour Boutique. 55303
                  | bazaar
                  | Found Pnustree's Armour Boutique. 55303
                  | bazaar
                  | Found Ynackul's Assorted Antiques. 55303
                  | bazaar
                  | Found Hiseiwko's Antique Armour Boutique. 55324
                  | bazaar
                  | Bought a slimy iron ring for 625 gold pieces 55329
                  | bazaar
                  | Bought a wand of hasting (1) for 270 gold pieces 55338
                  | bazaar
                  | Identified the cursed ring of Shuet (You bought it in a shop in a bazaar)
 55898 | D:20     | Received a gift from Okawaru
 55899 | D:20     | Got a transparent long sword {god gift}
 55900 | D:20     | Identified the long sword "Pnisigh" {god gift, freeze, rF++} (Okawaru gifted it to you on level 20 of the Dungeon)
 56487 | D:21     | Noticed Margery
 56513 | D:21     | Killed Margery
 56695 | D:21     | Found a one-way gate leading to the halls of Pandemonium.
 56863 | D:21     | Found a gateway to Hell.
 56995 | D:21     | Found a one-way gate to the infinite horrors of the Abyss.
 57338 | D:21     | Noticed Frances
 57348 | D:21     | Killed Frances
 57578 | D:21     | Received a gift from Okawaru
 57579 | D:21     | Got a twisted shield {god gift}
 57598 | D:21     | Identified the +2 shield of Pausao Rutoa {god gift} (Okawaru gifted it to you on level 21 of the Dungeon)
 57774 | D:21     | Got a warped plate armour
 57775 | D:21     | Identified the cursed -5 plate armour "Dyossud" (You found it on level 21 of the Dungeon)
 57905 | D:22     | Reached skill level 19 in Armour
 57931 | D:22     | Reached XP level 21. HP: 139/139 MP: 30/30
 58825 | D:22     | Noticed Boris
 58847 | D:22     | Killed Boris
 59027 | D:22     | Got a fur hat
 59034 | D:22     | Identified the +2 hat of the Bear Spirit (You found it on level 22 of the Dungeon)
 59056 | D:22     | Noticed a shining eye
 59056 | D:22     | an emperor scorpion changed into a shining eye
 59059 | D:22     | a shining eye changed into a death drake
 60539 | D:23     | Found Utuqul's Jewellery Shoppe.
 60919 | D:24     | Received a gift from Okawaru
 60934 | D:24     | You are cast into the Abyss!
 60934 | D:24     | Cast into the Abyss (distortion unwield)
 60934 | Abyss    | Entered The Abyss
 60961 | Abyss    | Found a shimmering altar of Xom.
 60962 | Abyss    | Found a shimmering altar of Xom.
 60962 | Abyss    | Found a shimmering altar of Xom.
 61205 | Abyss    | Noticed a clay golem
 61215 | Abyss    | Noticed a red draconian simulacrum
 61249 | Abyss    | Killed a clay golem
 61385 | Abyss    | Found a blossoming altar of Fedhas.
 61394 | Abyss    | Found a blossoming altar of Fedhas.
 61454 | Abyss    | Noticed a merfolk simulacrum
 61487 | Abyss    | Noticed a deep dwarf
 61487 | Abyss    | Noticed a deep dwarf
 61488 | Abyss    | Noticed a deep dwarf
 61490 | Abyss    | Noticed a deep dwarf artificer
 61491 | Abyss    | Noticed a deep dwarf
 61493 | Abyss    | Noticed a deep dwarf
 61494 | Abyss    | Killed a deep dwarf
 61499 | Abyss    | Killed a deep dwarf
 61502 | Abyss    | Killed a deep dwarf artificer
 61504 | Abyss    | Killed a deep dwarf
 61509 | Abyss    | Killed a deep dwarf
 61512 | Abyss    | Killed a deep dwarf
 61579 | Abyss    | Noticed a silent spectre
 61584 | Abyss    | Killed a silent spectre
 61591 | Abyss    | Gained mutation: You are weak (Str -1).
 61593 | Abyss    | Killed a merfolk simulacrum
 61593 | Abyss    | Gained mutation: Your magical capacity is low (-10% MP).
 61664 | Abyss    | Reached XP level 22. HP: 131/147 MP: 26/27
 61958 | Abyss    | Noticed a giant eyeball
 61959 | Abyss    | Received a gift from Okawaru
 61977 | Abyss    | Killed a giant eyeball
 61981 | Abyss    | Got a transparent chain mail {god gift}
 62214 | Abyss    | Got an abyssal rune of Zot
 62707 | Abyss    | Noticed an angel
 62725 | Abyss    | Killed an angel
 62768 | Abyss    | Found a corrupted altar of Lugonu.
 62998 | Abyss    | Reached skill level 20 in Armour
 63247 | D:24     | You pass through the gate. 63424
                  | trove
                  | Entered a treasure trove 63433
                  | trove
                  | Got a crude cloak 63435
                  | trove
                  | Got a warped chain mail 63437
                  | trove
                  | Got a flimsy blue robe 63443
                  | trove
                  | Got an ichor-stained scale mail 63461
                  | trove
                  | Got a weird-looking armour 63464
                  | trove
                  | Got a heavily runed cap 63466
                  | trove
                  | Got a brightly glowing plate armour
 63491 | D:18     | Identified the +0 cloak of Absolutism (You found it in a treasure trove)
 63829 | Lair:2   | Identified the +1 chain mail of Zejiuh (You found it in a treasure trove)
 63850 | Lair:2   | Identified the +10 plate armour of the Turtle (You found it in a treasure trove)
 63854 | Lair:2   | Identified a +0 cloak of preservation (You found it in a treasure trove)
 63860 | Lair:2   | Identified the -4 cap "Pejaedon" (You found it in a treasure trove)
 64505 | Lair:2   | Identified the +6 chain mail "Plijo" {god gift} (Okawaru gifted it to you in the Abyss)
 65650 | D:24     | Received a gift from Okawaru
 66063 | Vault:8  | Entered Level 8 of the Vaults
 66704 | Vault:7  | Reached XP level 23. HP: 154/154 MP: 17/27
 66812 | Vault:7  | Noticed a shining eye
 66812 | Vault:7  | a giant orange brain changed into a shining eye
 66814 | Vault:7  | Killed a shining eye
 66818 | Vault:7  | Noticed a guardian serpent
 66818 | Vault:7  | a cyclops changed into a guardian serpent
 66828 | Vault:7  | a guardian serpent changed into a draconian
 66986 | Vault:8  | Noticed a deep elf demonologist
 67226 | Vault:7  | Killed a deep elf demonologist
 68017 | Vault:8  | Noticed an ancient lich
 68036 | Vault:8  | Killed an ancient lich
 68096 | Vault:8  | Noticed a guardian serpent
 68096 | Vault:8  | a merfolk changed into a guardian serpent
 68097 | Vault:8  | a guardian serpent changed into a fire crab
 68199 | Vault:8  | Got a silver rune of Zot
 68201 | Vault:8  | Got a glistering book
 68254 | Vault:8  | Reached skill level 21 in Armour
 68273 | Vault:8  | Got a heavily runed golden ring
 68290 | Vault:8  | Identified the ring "Shraubed" (You found it on level 8 of the Vaults)
 68536 | Vault:8  | Noticed an iron dragon
 68556 | Vault:8  | Reached XP level 24. HP: 162/162 MP: 13/28
 68568 | Vault:8  | Noticed a shining eye
 68568 | Vault:8  | an emperor scorpion changed into a shining eye
 68584 | Vault:8  | Killed an iron dragon
 68594 | Vault:8  | a shining eye changed into a deep troll
 68909 | Vault:8  | Noticed a quicksilver dragon
 69074 | Vault:8  | Killed a quicksilver dragon
 69578 | Vault:8  | Noticed an ancient lich
 69602 | Vault:8  | Killed an ancient lich
 69851 | Vault:8  | Noticed a deep elf death mage
 69856 | Vault:8  | Killed a deep elf death mage
 70782 | D:25     | Entered Level 25 of the Dungeon
 70796 | D:25     | Noticed Xtahua
 70808 | D:25     | Killed Xtahua
 71040 | D:25     | Reached XP level 25. HP: 166/170 MP: 29/29
 71229 | D:25     | Received a gift from Okawaru
 72198 | Lair:2   | Identified the Grimoire of Damage Dealing (You found it on level 8 of the Vaults)
 72307 | Lair:2   | Learned a level 1 spell: Apportation
 72334 | Lair:2   | Learned a level 2 spell: Freezing Aura
 72578 | Snake:1  | Bought an uncursed amulet of resist mutation for 760 gold pieces
 73180 | D:26     | Reached skill level 1 in Evocations
 73189 | D:26     | Found a gateway to a ziggurat.
 73190 | D:26     | Noticed a shining eye
 73193 | D:26     | Paralysed by a giant eyeball for 4 turns
 73200 | D:26     | Paralysed by a giant eyeball for 4 turns
 73201 | D:26     | Lost mutation: You are weak (Str -1).
 73203 | D:26     | Gained mutation: You are frail (-10% HP).
 73207 | D:26     | Paralysed by a giant eyeball for 4 turns
 73214 | D:26     | Killed a shining eye
 74093 | D:26     | Reached skill level 22 in Armour
 74386 | D:26     | Received a gift from Okawaru
 74466 | D:27     | Entered Level 27 of the Dungeon
 74733 | D:27     | Identified a +4 rod of destruction [lightning,fireball,iron] (13/13) (You found it on level 27 of the Dungeon)
 75090 | D:27     | Reached skill level 5 in Evocations
 75387 | D:27     | Got a dazzling trident
 75476 | D:27     | Got an uncursed twisted halberd {elec}
 77129 | Lair:6   | Fell from the grace of Okawaru
110530 | Lair:6   | Was forgiven by Okawaru
110932 | Temple   | Became a worshipper of The Shining One
111387 | Crypt:1  | Entered Level 1 of the Crypt
111451 | Crypt:1  | Noticed Boris
111471 | Crypt:1  | Killed Boris
111606 | Crypt:1  | Acquired The Shining One's first power
111925 | Crypt:1  | Lost mutation: Your magical capacity is low (-10% MP).
111925 | Crypt:1  | Lost mutation: Your mind is acute (Int +1).
111925 | Crypt:1  | Lost mutation: You are resistant to electric shocks.
111925 | Crypt:1  | Lost mutation: You are frail (-10% HP).
112026 | Crypt:2  | Acquired The Shining One's second power
112147 | Crypt:2  | Noticed Mennas
112164 | Crypt:2  | Killed Mennas
112164 | Crypt:2  | Reached XP level 26. HP: 166/178 MP: 32/33
112411 | Crypt:2  | Got a droning book
112816 | Crypt:3  | Acquired The Shining One's third power
112924 | Crypt:3  | Found a staircase to the Tomb.
113441 | Crypt:4  | Acquired The Shining One's fourth power
114073 | Crypt:5  | Entered Level 5 of the Crypt
114269 | Crypt:5  | Noticed a lich
114277 | Crypt:5  | Killed a lich
115019 | Lair:2   | Identified the Tome of Aid (You found it on level 2 of the Crypt)
115247 | Temple   | Identified a +4,+4 Blessed Blade (a +3,+4 double sword blessed by the Shining One)
115983 | Crypt:5  | Noticed an ancient lich
115992 | Crypt:5  | Killed an ancient lich
116009 | Crypt:5  | Found an ancient bone altar of Kikubaaqudgha.
116085 | Crypt:5  | Noticed a lich
116092 | Crypt:5  | Killed a lich
116147 | Crypt:5  | Got an ichor-stained scale mail
116150 | Crypt:5  | Identified the cursed -3 scale mail of the Guardian (You found it on level 5 of the Crypt)
116637 | Crypt:5  | Reached skill level 23 in Armour
117369 | Swamp:1  | Entered Level 1 of the Swamp
117369 | Swamp:1  | Noticed Snorg
117380 | Swamp:1  | Killed Snorg
118482 | Swamp:2  | Reached XP level 27. HP: 173/180 MP: 35/35
119417 | Swamp:4  | Found a glowing golden altar of the Shining One.
119573 | Swamp:5  | Entered Level 5 of the Swamp
119885 | Swamp:5  | Noticed Nergalle
119893 | Swamp:5  | Killed Nergalle
120369 | Swamp:5  | Noticed the 27-headed Lernaean hydra
120396 | Swamp:5  | Killed the 26-headed Lernaean hydra
120641 | Swamp:5  | Got a decaying rune of Zot
121014 | Elf:1    | Entered Level 1 of the Elven Halls
121485 | Elf:1    | Noticed Psyche
121486 | Elf:1    | Killed Psyche
121754 | Elf:2    | Found Qiph's Food Shoppe.
121782 | Elf:2    | Bought a sausage for 18 gold pieces
121782 | Elf:2    | Bought a banana for 14 gold pieces
121782 | Elf:2    | Bought a bread ration for 48 gold pieces
121782 | Elf:2    | Bought a rambutan for 4 gold pieces
121782 | Elf:2    | Bought a bread ration for 48 gold pieces
121782 | Elf:2    | Bought a meat ration for 48 gold pieces
121782 | Elf:2    | Bought a slice of pizza for 21 gold pieces
121782 | Elf:2    | Bought a bread ration for 48 gold pieces
121782 | Elf:2    | Bought a beef jerky for 21 gold pieces
121857 | Elf:2    | Found a burning altar of Makhleb.
123424 | Elf:5    | Entered Level 5 of the Elven Halls
123890 | Elf:5    | Found a bloodstained altar of Trog.
124137 | Elf:5    | Noticed a deep elf blademaster
124543 | Elf:5    | Noticed a deep elf blademaster
124544 | Elf:5    | Noticed a deep elf master archer
124550 | Elf:5    | Killed a deep elf blademaster
124558 | Elf:5    | Killed a deep elf master archer
124567 | Elf:5    | Got a glistering book
124572 | Elf:5    | Got a pitted silver ring
124582 | Elf:5    | Gained mutation: Your mind is acute (Int +1).
124586 | Elf:5    | Got a faintly glowing plate armour
124614 | Elf:5    | Identified the Compendium of the Traveller (You found it on level 5 of the Elven Halls)
124687 | Elf:5    | Got a purple glaive
124715 | Elf:5    | Killed a deep elf blademaster
124744 | Elf:5    | Noticed a deep elf master archer
124754 | Elf:5    | Killed a deep elf master archer
125604 | Lair:2   | Identified the +2 plate armour of Leapfrog (You found it on level 5 of the Elven Halls)
125605 | Lair:2   | Identified the ring "Chuoll" (You found it on level 5 of the Elven Halls)
125606 | Lair:2   | Identified the +4,+12 Glaive of Prune (You took it off a deep elf high priest on level 5 of the Elven Halls)
126003 | Slime:1  | Entered Level 1 of the Pits of Slime
126243 | Slime:2  | Reached skill level 10 in Invocations
126519 | Slime:2  | Found a viscous altar of Jiyva.
126616 | Slime:4  | Reached skill level 24 in Armour
126859 | Slime:6  | Entered Level 6 of the Pits of Slime
127138 | Slime:6  | Paralysed by a giant eyeball for 4 turns
127151 | Slime:6  | Found a viscous altar of Jiyva.
127152 | Slime:6  | Paralysed by a giant eyeball for 4 turns
127153 | Slime:6  | Noticed the royal jelly
127180 | Slime:6  | Paralysed by a giant eyeball for 3 turns
127184 | Slime:6  | Paralysed by a giant eyeball for 3 turns
127257 | Slime:6  | Killed the royal jelly
127329 | Slime:6  | Got a slimy rune of Zot
127681 | Slime:3  | Paralysed by a giant eyeball for 2 turns
127905 | Lair:2   | Identified a +1 rod of demonology (13/13) (You found it on level 6 of the Pits of Slime)
127906 | Lair:2   | Identified a +0 rod of destruction [ice] (13/13) (You found it on level 6 of the Pits of Slime)
128367 | Vault:2  | Bought a +4,+7 ring of slaying for 3632 gold pieces
128769 | Zot:1    | Entered Level 1 of the Realm of Zot
128867 | Zot:1    | Reached skill level 25 in Armour
131042 | Zot:3    | Reached skill level 26 in Armour
133259 | Zot:5    | Entered Level 5 of the Realm of Zot
133915 | Zot:5    | Reached skill level 27 in Armour
134109 | Zot:5    | Noticed an orb of fire
134112 | Zot:5    | Noticed an ancient lich
134113 | Zot:5    | Noticed an ancient lich
134116 | Zot:5    | Noticed an orb of fire
134117 | Zot:5    | Noticed an ancient lich
134117 | Zot:5    | Noticed an orb of fire
134120 | Zot:5    | Gained mutation: Your magical capacity is low (-10% MP).
134128 | Zot:5    | Killed an orb of fire
134131 | Zot:5    | Gained mutation: You are weak (Str -1).
134133 | Zot:5    | HP: 8/189 [ancient lich (5)]
134136 | Zot:5    | Gained mutation: You tend to lose your temper in combat.
134440 | Zot:5    | Killed an ancient lich
134469 | Zot:5    | Killed an ancient lich
134509 | Zot:5    | Killed an orb of fire
134595 | Zot:5    | Got the Orb of Zot
134626 | Zot:5    | Noticed Edaniuf the pandemonium lord
134711 | Zot:3    | Noticed Xiott the pandemonium lord
134733 | Zot:3    | Killed Xiott the pandemonium lord
134764 | Zot:2    | Noticed Eppirar the pandemonium lord
134776 | Zot:2    | Killed Eppirar the pandemonium lord
134973 | D:23     | Noticed Xuttas the pandemonium lord
134982 | D:23     | Killed Xuttas the pandemonium lord
135482 | D:9      | Noticed Qubrigeh the pandemonium lord
135484 | D:9      | Noticed a lich
135495 | D:9      | Killed Qubrigeh the pandemonium lord
135496 | D:9      | Killed a lich
135574 | D:6      | Noticed Omu Hieh the pandemonium lord
135579 | D:6      | Killed Omu Hieh the pandemonium lord
135708 | D:$      | Escaped with the Orb!
